 Dungeon Crawl Stone Soup version 0.20-a0-1116-gaa52201 (webtiles) character file.

30 grindst0ne the Skirmisher (level 3, -9/29 HPs)
             Began as a Demonspawn Gladiator on May 7, 2017.
             Was an Initiate of Makhleb.
             Mangled by an ogre
             ... wielding a +0 giant spiked club
              (27 damage)
             ... on level 4 of the Dungeon.
             The game lasted 00:02:42 (1394 turns).

grindst0ne the Skirmisher (Demonspawn Gladiator)    Turns: 1394, Time: 00:02:42

Health: -9/29      AC:  6    Str: 15    XL:     3   Next: 3%
Magic:  3/3        EV: 12    Int:  9    God:    Makhleb [......]
Gold:   112        SH:  0    Dex: 14    Spells: 2/2 levels left

rFire    . . .     SeeInvis .   a - +0 war axe
rCold    . . .     Gourm    .   (no shield)
rNeg     . . .     Faith    .   b - +0 leather armour
rPois    .         Spirit   .   c - +0 helmet
rElec    .         Reflect  .   (no cloak)
rCorr    .         Harm     .   (no gloves)
MR       .....                  (no boots)
Stlth    +.........             (no amulet)
Regen    0.1/turn               (no ring)
MPRegen  0.1/turn               (no ring)

@: no status effects
A: slimy green scales 1
a: Renounce Religion


You were on level 4 of the Dungeon.
You worshipped Makhleb.
Makhleb was noncommittal.
You were not hungry.

You visited 2 branches of the dungeon, and saw 4 of its levels.

You collected 112 gold pieces.

Inventory:

Hand Weapons
 a - a +0 war axe (weapon)
Missiles
 d - 3 throwing nets (quivered)
Armour
 b - a +0 leather armour (worn)
 c - a +0 helmet (worn)
Scrolls
 e - 2 scrolls of remove curse {unknown}
 g - a scroll of amnesia {unknown}
 j - 2 scrolls of random uselessness {unknown}
Potions
 i - 2 potions of curing {unknown}
 l - a potion of berserk rage {unknown}
 m - 2 potions of resistance {unknown}
Comestibles
 f - a bread ration
 k - a fruit
 n - a royal jelly


   Skills:
 + Level 3.5 Fighting
 - Level 2.6 Axes
 - Level 1.7 Throwing
 - Level 2.6 Dodging


You had 2 spell levels left.
You didn't know any spells.

Dungeon Overview and Level Annotations

Branches:
Dungeon (4/15)             Temple (1/1) D:4

Altars:
Dithmenos
Elyvilon
Makhleb
Qazlal
Sif Muna
Trog
Xom
Yredelemnul
Zin


Innate Abilities, Weirdness & Mutations

You are partially covered in slimy green scales. (AC +2)


Message History

There is a white marble altar of Elyvilon here.
There is a staircase back to the Dungeon here.
You climb upwards.
Welcome back to the Dungeon!
There is a staircase to the Ecumenical Temple here.
You can't go up here!
An ogre comes into view. It is wielding a giant spiked club.
Okay, then.
You aren't carrying any items that you can evoke.
You slash the ogre!
The ogre is moderately wounded.
The ogre barely misses you.
You barely miss the ogre.
The ogre is moderately wounded.
The ogre hits you with a giant spiked club!
All of the chunks of flesh in your inventory have rotted away.
You barely miss the ogre.
The ogre is moderately wounded.
The ogre hits you with a giant spiked club!!
Ouch! That really hurt!
You die...

## #... ...... . #.#..# ..
#.#..## ## ..##..... ..
...... .###. .#.##.#
##.##.#.###...... .#.##.#
#....>..@O....... ......
#..##.#.###..###. .....#
#..##.#.# ..# #.##.#
#.......###..# #.##.#
#...........########.##.#
#..##.###888#............
###.......8...8....###.##..
............>.8##### #.##.#
###.#.....8...8#######.##.#


You could see an ogre.

Vanquished Creatures
  A worm (D:2)
  2 leopard geckos
  A giant cockroach (D:1)
  2 goblins
  6 hobgoblins
  5 bats
  3 frilled lizards (D:1)
  A kobold (D:1)
  2 rats (D:1)
23 creatures vanquished.

Notes
Turn   | Place    | Note
-------+----------+-------------------------------------------
     0 | D:1      | grindst0ne the Demonspawn Gladiator began the quest for the Orb.
     0 | D:1      | Reached XP level 1. HP: 16/16 MP: 1/1
   429 | D:1      | Gained mutation: You are partially covered in slimy green scales. (AC +2) [demonic ancestry]
   429 | D:1      | Reached XP level 2. HP: 22/23 MP: 2/2
   537 | D:1      | Reached skill level 3 in Fighting
  1195 | D:2      | You fall through a shaft for 2 floors!
  1239 | D:4      | Reached XP level 3. HP: 29/29 MP: 3/3
  1254 | D:4      | Found a staircase to the Ecumenical Temple.
  1301 | Temple   | Entered the Ecumenical Temple
  1356 | Temple   | Became a worshipper of Makhleb the Destroyer
  1387 | D:4      | Noticed an ogre
  1394 | D:4      | Mangled by an ogre

Vault maps used:
D:1:      elethiomel_arrival_maze, serial_park_tiny_2
D:2:      lemuel_coloured_pillars_altar, nicolae_tso_swordbearing_angel
D:4:      minmay_temple_entry_statues, kennysheep_generic_room_16
Temple:   regret_index_temple_waves

Skill      XL: |  1  2 |
---------------+-------+-----
Fighting       | 3 |  3.5
Axes           | |  2.6
Throwing       | |  1.7
Dodging        | |  2.6

Action                   || total
-------------------------++-------
Melee: War axe           ||    86
  Eat: Chunk             ||     2
Armor: Leather armour    ||    39
Dodge: Dodged            ||    71
